AoeStats
← jdac

MegaRandom

509587845Analyzed
2v2 RM · 5d ago on Sep 27, 2026· 45m 31s· 4 players
Game mode
Random Map
Map size
Medium (4 player)
Population
200
Speed
Normal
Resources
Standard
Victory
Conquest
Starting age
Dark Age
Ending age
Imperial Age
RankedLock teamsTeams togetherTeam positionsShared explorationLock speedFull tech treeHidden civsTurbo modeCheats
Victory
Defeat
1566
+20
🇩🇪 Danes · Germany
1505
+22
🇩🇪 Byzantines · Germany
1670
-22
🇪🇸 Celts · Spain
1631
-20
jdac
10:18 Loom
12:52 Feudal Age
15:27 Double-Bit Axe
18:08 Castle Age
17:27 Stone Mining
19:20 Scale Mail Armor
19:18 Horse Collar
33:42 Bow Saw
35:28 Chain Mail Armor
36:02 Wheelbarrow
35:12 Town Watch
36:47 Gold Mining
36:59 Heavy Plow
40:29 Imperial Age
39:04 Hand Cart
39:31 Stone Shaft Mining
39:23 Forging
42:28 Plate Mail Armor
42:20 Onager
43:35 Siege Engineers
43:40 Masonry
44:32 Chemistry
44:44 Iron Casting
44:56 Stronghold
44:36 Siege Onager
Ra
9:02 Loom
13:02 Feudal Age
17:16 Castle Age
15:48 Scale Mail Armor
15:58 Forging
18:11 Chain Mail Armor
24:15 Iron Casting
34:05 Elite Skirmisher
35:03 Double-Bit Axe
35:03 Horse Collar
37:25 Thumb Ring
37:12 Fletching
42:02 Imperial Age
40:08 Wheelbarrow
40:49 Bodkin Arrow
43:39 Murder Holes
Dr. Hadeskill
7:37 Loom
13:04 Feudal Age
14:28 Double-Bit Axe
17:26 Castle Age
15:54 Scale Mail Armor
15:42 Arson
31:03 Forging
34:17 Wheelbarrow
33:34 Town Watch
39:13 Imperial Age
37:30 Gambesons
37:46 Squires
38:11 Chain Mail Armor
38:07 Horse Collar
38:46 Bow Saw
39:25 Elite Varangian Guard
41:00 Plate Mail Armor
42:12 Hand Cart
46:24 Iron Casting
♡ Laborchef Dr. Laugenmäusken
7:56 Loom
10:12 Feudal Age
14:39 Castle Age
13:59 Double-Bit Axe
18:40 Forging
24:23 Town Watch
25:23 Wheelbarrow
25:14 Bloodlines
25:56 Bow Saw
25:29 Horse Collar
25:41 Fletching
29:06 Ballistics
29:19 Bodkin Arrow
29:34 Husbandry
30:51 Padded Archer Armor
36:47 Imperial Age
35:05 Hand Cart
37:00 Leather Archer Armor
37:36 Bracer
38:52 Chemistry
38:16 Conscription
38:26 Gold Mining
38:50 Thumb Ring
38:37 Elite Mangudai
40:01 Scale Barding Armor
40:32 Iron Casting
39:45 Light Cavalry
44:35 Blast Furnace
44:26 Chain Barding Armor
Connection lost

Rejoining the realm…

Still unreachable

The connection could not be restored.

Session expired

The server has moved on; the page needs a fresh start.